 Dungeon Crawl Stone Soup version 0.31.0-9-g3a7656b989 (webtiles) character file.

Game seed: 8326578662537007662

124991 Kallu the Bludgeoner (level 16, -6/139 HPs)
             Began as an Armataur Fighter on Jan 24, 2024.
             Was the Champion of Okawaru.
             Mangled by a merfolk
             ... wielding a +0 trident
             ... led by a merfolk aquamancer
              (48 damage)
             ... on level 1 of the Shoals.
             The game lasted 01:04:34 (25098 turns).

Kallu the Bludgeoner (Armataur Fighter)            Turns: 25098, Time: 01:04:35

Health: -6/139     AC: 41    Str: 38    XL:     16   Next: 40%
Magic:  22/22      EV:  1    Int:  9    God:    Okawaru [******]
Gold:   1450       SH:  0    Dex: 10    Spells: 15/15 levels left

rFire   + . .        a - +5 eveningstar (venom)
rCold   + . .        c - +1 buckler {reflect}
rNeg    + . .        U - +1 plate armour {rC+}
rPois   +            y - +2 helmet
rElec   .            I - +0 cloak
rCorr   .            v - +2 pair of gloves {Str+3}
SInv    .            w - +10 Black Knight's barding {ponderous, rPois rN+}
Will    .....        Z - amulet of regeneration Stlth
                     k - ring of protection from fire
HPRegen 1.23/turn    A - +6 ring of strength
MPRegen 0.18/turn

%: reflection, roll
@: lit by a corona, sleeping, weak-willed, heroic, glowing, slow
A: large, deformed body, tough skin 3, armoured tail, roll 2
a: Renounce Religion, Heroism, Finesse, Duel, Receive Weapon


You were on level 1 of the Shoals.
You worshipped Okawaru.
Okawaru was exalted by your worship.
You visited 4 branches of the dungeon, and saw 23 of its levels.
You also visited: Ice Cave.

You collected 2352 gold pieces.
You spent 902 gold pieces at shops.

Inventory:

Hand Weapons
 a - a +5 eveningstar of venom (weapon)
Missiles
 h - a throwing net
 l - 15 silver javelins
 D - 2 datura-tipped darts
 H - 9 atropa-tipped darts
 R - 9 javelins (quivered)
 W - 9 curare-tipped darts
Armour
 c - a +1 buckler of reflection (worn)
 v - a +2 pair of gloves of strength (worn)
 w - the +10 Black Knight's barding (worn) {ponderous, rPois rN+}
   (Okawaru gifted it to you on level 11 of the Dungeon)

   rPois:     It protects you from poison rN+: It protects you from negative
   energy.
 y - a +2 helmet (worn)
 I - a +0 cloak (worn)
 U - a +1 plate armour of cold resistance (worn)
Jewellery
 k - a ring of protection from fire (left hand)
 x - a ring of protection from fire
 A - a +6 ring of strength (right hand)
 K - an amulet of reflection
 O - a ring of protection from cold
 Z - an amulet of regeneration (around neck)
Wands
 r - a wand of flame (29)
 s - a wand of polymorph (3)
 E - a wand of iceblast (8)
 J - a wand of mindburst (6)
 L - a wand of paralysis (23)
 S - a wand of digging (8)
Scrolls
 b - 7 scrolls of fog
 f - 13 scrolls of teleportation
 g - 6 scrolls of blinking
 i - a scroll of poison
 j - 4 scrolls of fear
 n - a scroll of noise
 o - 3 scrolls of silence
 q - 6 scrolls of immolation
 z - a scroll of enchant armour
 B - 4 scrolls of torment
 M - a scroll of revelation
 P - 3 scrolls of vulnerability
 T - 2 scrolls of brand weapon
 X - 3 scrolls of enchant weapon
 Y - a scroll of summoning {unknown}
Potions
 d - 8 potions of might
 e - 3 potions of haste
 m - 5 potions of attraction
 p - a potion of cancellation
 t - 6 potions of mutation
 u - 5 potions of enlightenment
 C - 2 potions of berserk rage
 F - 5 potions of curing
 G - 3 potions of brilliance
 N - 2 potions of heal wounds
 Q - 5 potions of invisibility
 V - 6 potions of ambrosia


   Skills:
 + Level 11.7(16.7) Fighting
 - Level 20.7(25.7) Maces & Flails
 - Level 6.0(11.0) Throwing
 - Level 10.0(15.0) Armour
 - Level 8.0(13.0) Shields
 - Level 8.0 Invocations
 - Level 6.0 Evocations


You had 15 spell levels left.
You didn't know any spells.
Your spell library contained the following spells:

 Spells                   Type           Power      Damage    Failure   Level
 Apportation              Tloc           0%         N/A       86%         1
 Magic Dart               Conj           0%         1d3       86%         1
 Cigotuvi's Dreadful Rot  Necr/Alch/Air  0%         N/A       95%         2
 Jinxbite                 Hex            0%         N/A       95%         2
 Searing Ray              Conj           0%         2d4       95%         2
 Static Discharge         Conj/Air       0%         3-3/arc   95%         2
 Gell's Gravitas          Tloc           0%         N/A       99%         3
 Inner Flame              Hex/Fire       0%         N/A       99%         3
 Teleport Other           Tloc           0%         N/A       99%         3
 Airstrike                Air            0%         2d(0-16)  100%        4
 Flame Wave               Conj/Fire      0%         2d4       100%        4
 Fulminant Prism          Conj/Alch      0%         3d5       100%        4
 Ignite Poison            Fire/Alch      0%         N/A       100%        4
 Sticky Flame             Fire/Alch      0%         2d4       100%        4
 Alistair's Intoxication  Alch           0%         N/A       100%        5
 Freezing Cloud           Conj/Ice/Air   0%         6-21      100%        5
 Dispersal                Tloc           0%         N/A       100%        6
 Orb of Destruction       Conj           0%         9d5       100%        7
 Ozocubu's Refrigeration  Ice            0%         4d7       100%        7
 Polar Vortex             Ice            0%         N/A       100%        9
 Summon Blazeheart Golem  Fire/Summ      Unusable   N/A       N/A         4
 Summon Lightning Spire   Summ/Air       Unusable   N/A       N/A         4
 Sculpt Simulacrum        Ice/Alch       Unusable   N/A       N/A         6
 Malign Gateway           Summ/Tloc      Unusable   N/A       N/A         7
 Spellforged Servitor     Conj/Summ      Unusable   N/A       N/A         7
 Summon Horrible Things   Summ           Unusable   N/A       N/A         8

Dungeon Overview and Level Annotations

Branches:
Dungeon (15/15)            Temple (0/1) D:6            Lair (5/5) D:11
 Shoals (1/4) Lair:2        Snake (0/4) Lair:3        Slime (0/5) Lair:5
    Orc (2/2) D:11            Elf (0/3) Orc:2        Vaults (0/5) D:13
 Depths (0/4) D:15          IceCv (visited)

Altars:
Ashenzari
Cheibriados
Elyvilon
Fedhas
Hepliaklqana
Okawaru
Qazlal
Ru
Trog
Uskayaw
Wu Jian
Xom
The Shining One
Jiyva

Shops:
D:2 [([   D:8 !   Orc:2 ?[!(

Annotations:
Lair:2 exclusion: 5 oklob plants
Lair:5 exclusion: obsidian statue


Innate Abilities, Weirdness & Mutations

Armour fits poorly on your strangely shaped body.
You have extremely tough skin. (AC +3)
You have a long armoured tail.
You regenerate magic and health when rolling toward enemies. (Rampage Regen)


Message History

Your tail-slap misses the wind drake.
The wind drake is almost dead.
The wind drake bites you but does no damage.
You closely miss the wind drake.
You tail-slap the wind drake, but do no damage.
The wind drake is almost dead.
The merfolk hits you but does no damage.
A dream sheep comes into view.
The merfolk hits you but does no damage.
Unknown command.
You completely miss the wind drake. You tail-slap the wind drake.
You kill the wind drake!
Okawaru accepts your kill.
Unknown command.
Your hands slow down.
The sentinel's mark upon you fades away.
The merfolk hits you but does no damage. x2
You flatten the merfolk like a pancake!!!
The merfolk looks as sick as possible!
Your tail-slap misses the merfolk.
The merfolk is almost dead.
The merfolk throws a boomerang.
You block the boomerang with your +1 buckler of reflection... and reflect it back!
The boomerang misses the merfolk.
The merfolk hits you but does no damage.
The dream sheep ruffles its wool and motes of dream dust sparkle, to no effect.
You skewer the merfolk like a kebab!!!
You kill the merfolk!
Okawaru accepts your kill.
The merfolk throws a boomerang.
The boomerang hits you but does no damage.
Unknown command.
The manticore flicks its tail.
The volley of spikes skewers you but does no damage.
The dream sheep shake their wool and sparkle.
You feel drowsy...
You fall asleep.
The merfolk hits you but does no damage.
The manticore flicks its tail.
The volley of spikes skewers you but does no damage.
The merfolk hits you from afar with a +0 trident!!!
You die...

≈≈≈≈~~~ ≈≈≈~~~~
≈≈≈~~~~~~ ~≈≈≈~~~~..
~≈≈~~~~..# ~~~~~~~~.##
.. ~~~~~~~~).# ....
~~~~~~~~..###.....
~~~...~~)@~.Y.....
~~~.....m)))Y...##.
~~.........~..~.#
~~....##†~H###......
~~~.###~~## #.......~
~~~~....## ###.~~~~~
~~~~....# ..~~~~
~~~~....###### .~~~~≈
~~~.>~~......####.~~~~~


You could see a merfolk, a manticore and 2 dream sheep.

Vanquished Creatures
  Gastronok (Lair:1)
  A stone giant (D:15)
  4 dire elephants (Lair:5)
  A merfolk impaler (Shoals:1)
  Josephine (D:11)
  4 hydras
  An ogre mage (D:12)
  2 boulder beetles
  A death yak (Lair:4)
  3 centaur warriors
  A merfolk aquamancer (Shoals:1)
  An alligator snapping turtle (Shoals:1)
  12 two-headed ogres
  A tengu warrior (D:14)
  3 orc high priests (Orc:2)
  Urug (Lair:3)
  Nergalle (D:10)
  Sonja (D:10)
  3 skysharks
  7 skeletal warriors
  3 sea snakes (Shoals:1)
  A spectral anaconda (Lair:5)
  2 arcanists (D:13)
  2 lindwurms (Lair:5)
  2 harpies (Lair:2)
  The ghost of ratatoskos the Geomancer, a novice OpEE of Vehumet (D:8)
  4 orc sorcerers
  A deep elf zephyrmancer (D:13)
  3 deep elf pyromancers
  A wolf spider (Lair:3)
  4 necromancers (Lair:5)
  2 orc knights
  8 ugly things
  5 manticores
  5 cyclopes
  3 fauns (Shoals:1)
  A salamander (shapeshifter) (D:13)
  4 meliai
  4 black mambas
  4 kobold blastminers (Orc:2)
  27 elephants
  2 merfolk sirens (Shoals:1)
  3 ice statues (IceCv)
  2 torpor snails
  15 cane toads
  4 gargoyles
  A water nymph (Shoals:1)
  5 rime drakes
  An unseen horror (D:13)
  A dire elephant skeleton (Lair:5)
  An efreet (D:15)
  A freezing wraith (IceCv)
  3 kobold demonologists (D:11)
  12 komodo dragons
  Psyche (D:8)
  2 tengu conjurers (D:13)
  An anaconda simulacrum (IceCv)
  3 merfolk
  2 queen bees
  8 trolls
  4 polar bears
  A polar bear (shapeshifter) (D:15)
  A queen bee (shapeshifter) (D:13)
  7 wind drakes (Shoals:1)
  21 blink frogs
  3 snapping turtles (Shoals:1)
  Prince Ribbit (D:5)
  A dream sheep (D:7)
  5 slime creatures
  Sigmund (D:2)
  10 wyverns
  2 dire elephant simulacra (IceCv)
  A shadow (D:11)
  5 wraiths
  6 water elementals
  62 yaks
  10 basilisks
  3 steam dragons
  2 death yak simulacra (IceCv)
  12 vampire mosquitoes
  A spectral cane toad (Lair:5)
  7 nagas (Lair:3)
  Edmund (D:5)
  3 acid dragons
  19 water moccasins
  A sky beast (D:8)
  20 wolves
  25 orc warriors
  12 black bears
  3 ice beasts
  8 ogres
  2 laughing skulls (D:13)
  11 centaurs
  An elephant skeleton (Lair:5)
  A centaur (shapeshifter) (D:13)
  8 kobold brigands
  25 bullfrogs
  3 necrophages (D:8)
  2 scorpions
  4 gnoll sergeants
  11 wights
  59 killer bees
  3 elephant simulacra
  8 electric eels
  6 howler monkeys
  2 centaur zombies (D:8)
  3 hounds
  2 jellies
  2 bombardier beetles
  2 gnoll boudas
  32 orc priests
  8 iguanas
  Natasha (thrice) (D:2)
  A hell rat (Lair:2)
  2 sleepcaps
  37 orc wizards
  A wolf simulacrum (IceCv)
  A polar bear simulacrum (IceCv)
  2 killer bee zombies (D:8)
  13 gnolls (D:8)
  14 adders
  A river rat (Lair:2)
  A shadow imp (D:6)
  6 white imps
  2 ufetubi (D:7)
  3 dart slugs
  A ribbon worm (D:2)
  61 orcs
  5 bats
  2 endoplasms (D:1)
  4 giant cockroaches
  8 hobgoblins
  7 jackals
  8 kobolds
  7 quokkas
  12 ball pythons
  4 frilled lizards
  10 goblins
  4 rats
878 creatures vanquished.

Vanquished Creatures (others)
  A snapping turtle (Shoals:1)
  A water moccasin (Lair:2)
  2 killer bees (Lair:2)
  2 orc wizards
  An orc (D:6)
7 creatures vanquished.

Grand Total: 885 creatures vanquished

Notes
Turn   | Place    | Note
-------+----------+-------------------------------------------
     0 | D:1      | Kallu the Armataur Fighter began the quest for the Orb.
     0 | D:1      | Reached XP level 1. HP: 18/18 MP: 1/1
    28 | D:1      | Reached skill level 2 in Maces & Flails
   117 | D:1      | Reached XP level 2. HP: 18/25 MP: 2/2
   356 | D:1      | Reached skill level 3 in Maces & Flails
   415 | D:1      | Reached XP level 3. HP: 30/30 MP: 3/3
   837 | D:2      | Noticed Sigmund
   849 | D:2      | Killed Sigmund
   850 | D:2      | Reached skill level 5 in Maces & Flails
   850 | D:2      | Reached XP level 4. HP: 15/37 MP: 4/4
   850 | D:2      | Reached XP level 5. HP: 17/42 MP: 5/5
  1031 | D:2      | Found Huilom's Armour Shop.
  1091 | D:2      | Noticed Natasha
  1097 | D:2      | Killed Natasha
  1169 | D:2      | Found Juwuowi's Antique Weapon Shoppe.
  1171 | D:2      | Reached XP level 6. HP: 49/50 MP: 6/6
  1196 | D:2      | Found Ibimniuv's Antique Armour Boutique.
  1309 | D:2      | Noticed Natasha
  1315 | D:2      | Killed Natasha
  1408 | D:2      | Reached skill level 6 in Maces & Flails
  2548 | D:2      | Bought a +0 pair of gloves for 45 gold pieces
  2556 | D:2      | Noticed Natasha
  2571 | D:2      | Killed Natasha
  2818 | D:4      | Found a shimmering altar of Xom.
  2829 | D:4      | Gained mutation: You regenerate magic and health when
                  | rolling toward enemies. (Rampage Regen) [Armataur growth]
  2829 | D:4      | Reached XP level 7. HP: 59/59 MP: 7/7
  2891 | D:4      | Found a snail-covered altar of Cheibriados.
  2894 | D:4      | Found a white marble altar of Elyvilon.
  2896 | D:4      | Found a stormy altar of Qazlal.
  2898 | D:4      | Found a broken altar of Ashenzari.
  2898 | D:4      | Found an iron altar of Okawaru.
  2899 | D:4      | Found a bloodstained altar of Trog.
  2906 | D:4      | Found a hazy altar of Hepliaklqana.
  3248 | D:4      | Became a worshipper of Warmaster Okawaru
  3258 | D:5      | Entered Level 5 of the Dungeon
  3419 | D:5      | Noticed Edmund
  3427 | D:5      | Killed Edmund
  3428 | D:5      | Reached skill level 7 in Maces & Flails
  3452 | D:5      | Reached * piety under Okawaru
  3483 | D:5      | Identified the +3 mace "Bottakk" {drain, rElec rN++}
  3529 | D:5      | Reached skill level 8 in Maces & Flails
  3554 | D:5      | Reached XP level 8. HP: 55/67 MP: 8/8
  3650 | D:5      | Noticed Prince Ribbit
  3666 | D:5      | Killed Prince Ribbit
  3667 | D:5      | Reached skill level 5 in Fighting
  4155 | D:6      | Reached ** piety under Okawaru
  4305 | D:6      | Reached XP level 9. HP: 42/81 MP: 9/9
  4504 | D:6      | Found a staircase to the Ecumenical Temple.
  4525 | D:6      | Reached *** piety under Okawaru
  4526 | D:6      | Reached skill level 1 in Throwing
  4931 | D:7      | Reached skill level 9 in Maces & Flails
  5312 | D:7      | Reached skill level 10 in Maces & Flails
  5320 | D:7      | Reached skill level 1 in Evocations
  5728 | D:8      | Reached **** piety under Okawaru
  5729 | D:8      | Reached skill level 1 in Invocations
  5754 | D:8      | Found Miqoogill's Distillery.
  5784 | D:8      | Bought a potion of heal wounds for 75 gold pieces
  5784 | D:8      | Bought a potion of curing for 45 gold pieces
  5784 | D:8      | Bought a potion of curing for 45 gold pieces
  5808 | D:8      | Noticed Psyche
  5835 | D:8      | Killed Psyche
  5949 | D:8      | Found a blossoming altar of Fedhas.
  6027 | D:8      | Found a runed translucent door.
  6030 | D:8      | Noticed ratatoskos's ghost (novice OpEE)
  6270 | D:8      | Reached XP level 10. HP: 88/88 MP: 11/11
  6302 | D:8      | Killed ratatoskos's ghost
  6433 | D:8      | Found a hide-covered altar of Uskayaw.
  6612 | D:8      | Noticed a two-headed ogre
  6618 | D:8      | Noticed a deep elf pyromancer
  6623 | D:8      | Killed a two-headed ogre
  6629 | D:8      | Killed a deep elf pyromancer
  6850 | D:8      | Reached ***** piety under Okawaru
  6890 | D:8      | Noticed a centaur warrior
  6908 | D:8      | Killed a centaur warrior
  6908 | D:8      | Received a gift from Okawaru
  6909 | D:8      | Reached skill level 11 in Maces & Flails
  6959 | D:8      | Noticed a gargoyle
  6971 | D:8      | Killed a gargoyle
  6990 | D:8      | Reached XP level 11. HP: 75/94 MP: 13/13
  7655 | D:9      | Noticed a two-headed ogre
  8160 | D:9      | Reached skill level 12 in Maces & Flails
  8348 | D:9      | Received a gift from Okawaru
  8356 | D:9      | Killed a two-headed ogre
  8544 | D:9      | Reached skill level 13 in Maces & Flails
  8626 | D:9      | Identified the +4 flail of the Shallot {speed, rF+ Dex+3}
  8751 | D:9      | Found a glowing golden altar of the Shining One.
  9066 | D:8      | HP: 4/94 [poisoned by a killer bee]
  9071 | D:8      | HP: 1/94 [poisoned by a killer bee]
  9363 | D:9      | Reached skill level 5 in Invocations
  9577 | D:8      | Received a gift from Okawaru
 10196 | D:10     | Entered Level 10 of the Dungeon
 10216 | D:10     | Noticed Nergalle
 10570 | D:10     | Killed Nergalle
 10571 | D:10     | Reached skill level 14 in Maces & Flails
 10724 | D:10     | Found an ornate altar of the Wu Jian Council.
 10757 | D:10     | Reached XP level 12. HP: 92/101 MP: 16/16
 10814 | D:10     | Noticed Sonja
 10825 | D:10     | Killed Sonja
 11059 | D:10     | Received a gift from Okawaru
 11510 | D:11     | Found a staircase to the Lair.
 11703 | D:11     | Found a staircase to the Orcish Mines.
 11843 | D:11     | Noticed a two-headed ogre
 11871 | D:11     | Found a stormy altar of Qazlal.
 11875 | D:11     | Noticed Josephine
 11898 | D:11     | Killed Josephine
 11925 | D:11     | Received a gift from Okawaru
 12193 | D:11     | Killed a two-headed ogre
 12255 | D:11     | Reached skill level 10 in Fighting
 12308 | D:11     | Noticed a two-headed ogre
 12315 | D:11     | Killed a two-headed ogre
 12315 | D:11     | Reached ****** piety under Okawaru
 12353 | D:11     | Identified the +0 ring mail of the Rescuing Gods {rCorr
                  | Int+3}
 13748 | D:12     | Noticed a two-headed ogre
 13758 | D:12     | Killed a two-headed ogre
 13810 | D:12     | Noticed an ogre mage
 13811 | D:12     | Received a gift from Okawaru
 13813 | D:12     | Noticed a two-headed ogre
 13814 | D:12     | Noticed a two-headed ogre
 13814 | D:12     | Noticed a boulder beetle
 13844 | D:12     | Killed an ogre mage
 13845 | D:12     | Reached XP level 13. HP: 46/116 MP: 19/19
 14112 | D:12     | Reached skill level 5 in Throwing
 14317 | D:11     | Acquired the +10 Black Knight's barding {ponderous, rPois
                  | rN+}
 14317 | D:11     | Received a gift from Okawaru
 14317 | D:11     | Found the +10 Black Knight's barding {ponderous, rPois rN+}
 14528 | D:12     | Received a gift from Okawaru
 14545 | D:12     | Reached skill level 5 in Evocations
 15332 | D:13     | Received a gift from Okawaru
 15370 | D:13     | Reached skill level 15 in Maces & Flails
 15483 | D:13     | Found a frozen archway.
 15492 | IceCv    | Entered an ice cave
 15506 | IceCv    | Received a gift from Okawaru
 15572 | IceCv    | Identified the +0 hat of the Sunfish {rC++ Int-4 Dex+2}
 15683 | IceCv    | Identified the +3 leather armour "Metidif" {*Slow rCorr
                  | Dex+8 Slay-5}
 15870 | D:13     | Reached skill level 16 in Maces & Flails
 15870 | D:13     | Reached XP level 14. HP: 116/124 MP: 20/20
 16134 | D:13     | Found a gate to the Vaults.
 16264 | Lair:1   | Entered Level 1 of the Lair of Beasts
 16467 | Lair:1   | Received a gift from Okawaru
 16562 | Lair:1   | Noticed Gastronok
 16582 | Lair:1   | Killed Gastronok
 17311 | Lair:2   | Reached skill level 17 in Maces & Flails
 17444 | Lair:2   | Received a gift from Okawaru
 17731 | Lair:2   | Found a staircase to the Shoals.
 18105 | Lair:3   | Found a staircase to the Snake Pit.
 18451 | Lair:3   | Received a gift from Okawaru
 18452 | Lair:3   | Reached skill level 18 in Maces & Flails
 18478 | Lair:3   | Noticed Urug
 18499 | Lair:3   | Killed Urug
 19193 | Lair:4   | Identified the +1 robe "Viulurph" {rPois rF+ rN+}
 19246 | Lair:4   | Reached skill level 5 in Shields
 19277 | Lair:4   | Received a gift from Okawaru
 19452 | Lair:4   | Reached XP level 15. HP: 116/129 MP: 21/21
 20437 | Lair:5   | Entered Level 5 of the Lair of Beasts
 20497 | Lair:5   | Received a gift from Okawaru
 20498 | Lair:5   | Reached skill level 10 in Armour
 21224 | Lair:5   | Received a gift from Okawaru
 21484 | Lair:5   | Reached skill level 19 in Maces & Flails
 21754 | Lair:5   | Found a viscous altar of Jiyva.
 21758 | Lair:5   | Found a staircase to the Slime Pits.
 22966 | D:15     | Entered Level 15 of the Dungeon
 22974 | D:15     | Received a gift from Okawaru
 23305 | D:15     | Found a sacrificial altar of Ru.
 23393 | D:15     | Found a staircase to the Depths.
 23568 | D:15     | Reached skill level 20 in Maces & Flails
 23706 | Orc:1    | Entered Level 1 of the Orcish Mines
 23881 | Orc:2    | Entered Level 2 of the Orcish Mines
 23908 | Orc:2    | Reached XP level 16. HP: 130/137 MP: 22/22
 23921 | Orc:2    | Received a gift from Okawaru
 24340 | Orc:2    | Found Fyuwkez's Armour Shop.
 24340 | Orc:2    | Found Mash's Weapon Boutique.
 24348 | Orc:2    | Found Teokufydgh's Distillery.
 24396 | Orc:2    | Found Gaocaus's Magic Scroll Shop.
 24414 | Orc:2    | Bought a potion of heal wounds for 80 gold pieces
 24414 | Orc:2    | Bought a potion of curing for 48 gold pieces
 24414 | Orc:2    | Bought a potion of haste for 160 gold pieces
 24414 | Orc:2    | Bought a potion of heal wounds for 80 gold pieces
 24415 | Orc:2    | Bought a scroll of fear for 52 gold pieces
 24415 | Orc:2    | Bought a scroll of fog for 52 gold pieces
 24415 | Orc:2    | Bought a scroll of enchant armour for 97 gold pieces
 24415 | Orc:2    | Bought a scroll of brand weapon for 123 gold pieces
 24449 | Orc:2    | Found a staircase to the Elven Halls.
 24782 | Shoals:1 | Entered Level 1 of the Shoals
 24982 | Shoals:1 | Received a gift from Okawaru
 25098 | Shoals:1 | Mangled by a merfolk

Illustrated notes

Levels and vault maps discovered:
D:1:      mainiacjoe_arrival_reflecting_pool, layout_rooms, roderic_lattice_a,
          serial_bayou_lagoon_b
D:2:      layout_rooms, serial_shops, shop, shop_fountains,
          nicolae_shop_pleasant_corner_grove, uniq_natasha, uniq_sigmund
D:3:      layout_loops_cross
D:4:      minmay_spotlight, layout_cave_pools,
          mainiacjoe_overflow_surrounded_room,
          nicolae_overflow_hallway_of_the_gods
D:5:      layout_basic, kennysheep_generic_room_13, uniq_edmund,
          uniq_prince_ribbit1
D:6:      layout_rooms, minmay_temple_entry_purple_smoke, serial_curves,
          eino_curves_02, eino_curves_01
D:7:      layout_loops_ring, minmay_holes, dreamdust_gnoll_shepherd
D:8:      minmay_slanted_spiral_squares, layout_cave_pods,
          mainiacjoe_overflow_cross_hatched, fedhas_altar_decomposition,
          ebering_ghost_reflecting_pool, serial_shops, nicolae_diamond_shop,
          minmay_radiant, uniq_psyche
D:9:      layout_roguey [special_room_bee], tso_metal_star, minmay_bent
D:10:     layout_irregular_city, lemuel_coloured_pillars_altar, uniq_sonja,
          uniq_nergalle
D:11:     kennysheep_town, uniq_josephine
D:12:     layout_irregular_city, minmay_lizard_king
D:13:     layout_rooms, david_vaults_1, portal_ice_cave_rime, grunt_ministairs_2
D:14:     layout_irregular_city, chequers_big_river
D:15:     grunt_enter_depths_giant_problem, layout_rooms,
          nicolae_ru_sacrificial_ziggurat
Lair:1:   layout_regular_city, serial_bayou, serial_bayou_crossing,
          serial_bayou_pond_b, serial_bayou_lake_a, serial_bayou_pond_d,
          serial_bayou_shore_b, infiniplex_staircase_pool_2, uniq_gastronok
Lair:2:   hangedman_what_comes_after_a, layout_big_grid,
          nicolae_shoals_entry_roost, minmay_lair_oklob_bushes,
          serial_bayou_shore_a
Lair:3:   layout_loops_ring, minmay_snake_entry_guardpost_large,
          nicolae_lair_run_with_the_wolves, uniq_urug
Lair:4:   layout_layer_cave, beast_lair_carwin_2
Lair:5:   due_jungle_book, layout_regular_city, slime_entry_1,
          nicolae_lair_lindhole, grunt_megastairs_1, lemuel_fruit_fields
Shoals:1: layout_shoals, nicolae_shoals_drake_roost
Orc:1:    layout_diamond_mine, basic_altar
Orc:2:    st_orc_mages, layout_caves, nicolae_orc_seminary

Skill      XL: |  1  2  3  4  5  6  7  8  9 10 11 12 13 14 15 |
---------------+----------------------------------------------+-----
Maces & Flails | 2 3 5 6 8 10 11 14 16 18 20 | 20.7
Armour         | 4 8 9 10 | 10.0
Fighting       | 4 7 8 11 | 11.7
Throwing       | 2 4 6 |  6.0
Evocations     | 3 4 6 |  6.0
Invocations    | 2 3 5 8 |  8.0
Shields        | 6 8 |  8.0

Action                     |  1- 3 |  4- 6 |  7- 9 | 10-12 | 13-15 | 16-18 || total
---------------------------+-------+-------+-------+-------+-------+-------++-------
  Melee: Flail             |   108 |   171 |    32 |       |       |       ||   311
         Tailslap          |     6 |    13 |    34 |   132 |   290 |    37 ||   512
         Punch             |     2 |     3 |       |       |     1 |       ||     6
         Mace              |       |       |    18 |       |       |       ||    18
         Dire flail        |       |       |   240 |   862 |   910 |       ||  2012
         Eveningstar       |       |       |       |       |   655 |   314 ||   969
  Throw: Dart              |     6 |       |       |     9 |       |       ||    15
         Javelin           |       |       |       |     4 |       |     9 ||    13
         Boomerang         |       |       |       |    30 |    34 |       ||    64
 Invoke: Receive Armour    |       |       |       |       |     1 |       ||     1
         Heroism           |       |       |       |       |     2 |     1 ||     3
         Finesse           |       |       |       |       |       |     1 ||     1
  Evoke: Wand              |       |       |     2 |     5 |     1 |       ||     8
    Use: Potion            |     1 |       |     2 |     2 |     3 |     2 ||    10
         Scroll            |       |     2 |     1 |     7 |    20 |     1 ||    31
 Armour: Scale mail        |    96 |       |       |       |       |       ||    96
         Plate armour      |    19 |   189 |   345 |   906 |  1984 |   418 ||  3861
  Dodge: Dodged            |    58 |    37 |    98 |   236 |   299 |    63 ||   791
  Block: Other             |       |       |     1 |   201 |    19 |       ||   221
         Reflection        |       |       |       |    15 |       |     3 ||    18
         Buckler           |       |       |       |       |   111 |   110 ||   221
